 Dungeon Crawl Stone Soup version 0.29-a0-91-gdebf4667c2 (webtiles) character file.

Game seed: 310305651185892170

949 innerfire433 the Cruncher (level 7, -2/64 HPs)
             Began as a Minotaur Gladiator on Feb 8, 2022.
             Was an Initiate of Nemelex Xobeh.
             Shot with an arrow by a centaur (7 damage)
             ... while paralysed
             ... on level 6 of the Dungeon.
             The game lasted 00:09:19 (5054 turns).

innerfire433 the Cruncher (Minotaur Gladiator)      Turns: 5054, Time: 00:09:20

Health: -2/64      AC: 11    Str: 15 (20) XL:     7   Next: 90%
Magic:  6/6        EV:  2    Int: -5 (5)  God:    Nemelex Xobeh [......]
Gold:   233        SH:  0    Dex:  0 (12) Spells: 6/6 levels left

rFire   . . .      SeeInvis .   p - +2 quarterstaff (chaos)
rCold   . . .      Faith    .   (shield currently unavailable)
rNeg    . . .      Spirit   .   i - +0 ring mail
rPois   .          Reflect  +   c - +0 hat
rElec   .          Harm     .   u - +0 cloak
rCorr   .          Rampage  .   (no gloves)
Will    .....                   l - +0 pair of boots
Stlth   ..........              o - amulet of reflection
HPRegen 0.20/turn               j - +4 ring of protection
MPRegen 0.10/turn               (no ring)

@: paralysed, flying, slowed, lost intelligence, lost dexterity, unable to read,
very slow
A: horns 2, retaliatory headbutt
a: Renounce Religion, Draw Escape, Draw Destruction, Draw Summoning


You were on level 6 of the Dungeon.
You worshipped Nemelex Xobeh.
Nemelex Xobeh was noncommittal.
You visited 1 branch of the dungeon, and saw 6 of its levels.

You collected 233 gold pieces.

Inventory:

Hand Weapons
 a - a +0 quarterstaff
 p - a +2 quarterstaff of chaos (weapon)
 q - a +3 mace
Missiles
 d - 3 throwing nets (quivered)
Armour
 b - a +0 leather armour
 c - a +0 hat (worn)
 f - a +0 helmet
 i - a +0 ring mail (worn)
 l - a +0 pair of boots (worn)
 u - a +0 cloak (worn)
Jewellery
 j - a +4 ring of protection (left hand)
 o - an amulet of reflection (around neck)
 s - an amulet of guardian spirit
 C - a ring of magical power
Wands
 y - a wand of iceblast (3)
 D - a wand of paralysis (7)
Scrolls
 e - 3 scrolls of identify
 g - a scroll of holy word {unknown}
 k - 2 scrolls of teleportation {unknown}
 m - 3 scrolls of immolation {unknown}
 r - a scroll of brand weapon {unknown}
 t - a scroll of magic mapping {unknown}
 v - 2 scrolls of blinking {unknown}
 w - a scroll of fog {unknown}
 A - a scroll of silence {unknown}
 B - 3 scrolls of enchant weapon {unknown}
Potions
 h - a potion of curing
 n - a potion of flight
 E - a potion of invisibility {unknown}


   Skills:
 + Level 6.6 Fighting
 * Level 9.5 Staves
 - Level 2.2 Throwing
 - Level 3.4 Dodging


You had 6 spell levels left.
You didn't know any spells.
Your spell library was empty.

Dungeon Overview and Level Annotations

Branches:
Dungeon (6/15)
 Temple: D:4-7

Altars:
Cheibriados
Nemelex Xobeh
The Shining One

Shops:
D:2 :(=:[   D:5 *


Innate Abilities, Weirdness & Mutations

You have a pair of horns on your head.
You reflexively headbutt those who attack you in melee.


Message History

The arrow hits the centaur.
The centaur shoots an arrow.
The arrow hits you but does no damage.
It was a potion of flight.
You feel very buoyant.
You fly up into the air.
The centaur shoots an arrow.
The arrow barely misses you.
The centaur shoots an arrow.
You reflect the arrow off an invisible shield around you!
The arrow closely misses the centaur.
The centaur shoots an arrow.
The arrow misses you.
It was a potion of heal wounds.
You feel much better.
The centaur shoots an arrow.
You reflect the arrow off an invisible shield around you!
The arrow barely misses the centaur.
The centaur shoots an arrow.
The arrow hits you but does no damage.
The centaur shoots an arrow.
The arrow hits you!
The centaur shoots an arrow.
The arrow hits you.
The centaur shoots an arrow.
The arrow hits you.
It was a potion of degeneration.
There was something very wrong with that liquid.
You feel weakened.
You feel dopey.
You feel clumsy.
You have lost your dexterity.
The centaur shoots an arrow.
The arrow hits you.
The centaur shoots an arrow.
The arrow hits you but does no damage.
The centaur shoots an arrow.
The arrow hits you but does no damage.
The centaur shoots an arrow.
The arrow hits you!
* * * LOW HITPOINT WARNING * * *
The centaur shoots an arrow.
The arrow completely misses you.
The centaur shoots an arrow.
The arrow hits you.
* * * LOW HITPOINT WARNING * * *
The centaur shoots an arrow.
The arrow hits you.
* * * LOW HITPOINT WARNING * * *
The centaur shoots an arrow.
The arrow barely misses you.
The centaur shoots an arrow.
The arrow hits you.
* * * LOW HITPOINT WARNING * * *
The centaur shoots an arrow.
The arrow hits you.
* * * LOW HITPOINT WARNING * * *
The centaur shoots an arrow.
The arrow hits you but does no damage.
The centaur shoots an arrow.
The arrow completely misses you.
The centaur shoots an arrow.
The arrow hits you!
You die...
Your body disappears without a glow.

.......≈≈≈≈≈≈≈≈≈.#
.........≈≈≈≈≈≈≈.# .
#........≈≈≈≈≈≈c####c≈
#....#.)...≈≈≈≈≈c.≈≈≈≈
##....##.....≈≈≈≈≈≈≈≈≈≈
##......#.......≈≈≈≈≈≈##
#......................#
#......<..).....@.......
...........<..).......?.
#..#####...........####(
. ##...........#
#..#.......###
#...###.....# #.....
......# ..........)..#


You could see 3 centaurs.

Vanquished Creatures
  Sigmund (D:2)
  A water moccasin (D:4)
  A phantom (D:5)
  A scorpion (D:5)
  4 hounds
  A gnoll shaman (D:4)
  Crazy Yiuf (D:3)
  An orc priest (D:3)
  A centaur skeleton (D:5)
  An iguana (D:5)
  Jessica (D:2)
  A hound zombie (D:3)
  2 hound skeletons (D:4)
  Robin (D:2)
  5 gnolls
  3 adders
  A river rat (D:3)
  An ufetubus (D:5)
  2 worms
  2 dart slugs
  7 orcs
  5 endoplasms
  4 giant cockroaches
  20 goblins
  8 hobgoblins
  10 jackals
  5 kobolds
  7 quokkas
  7 ball pythons
  10 bats
  A frilled lizard (D:2)
  6 rats
122 creatures vanquished.

Notes
Turn   | Place    | Note
-------+----------+-------------------------------------------
     0 | D:1      | innerfire433 the Minotaur Gladiator began the quest for the
                  | Orb.
     0 | D:1      | Reached XP level 1. HP: 18/18 MP: 0/0
   217 | D:1      | Reached XP level 2. HP: 19/25 MP: 1/1
   378 | D:1      | Reached skill level 4 in Staves
   512 | D:1      | Found a faded altar of an unknown god.
   776 | D:1      | Prayed at the altar of an unknown god.
   776 | D:1      | Became a worshipper of the Shining One
   776 | D:1      | Reached * piety under the Shining One
  1271 | D:2      | Reached XP level 3. HP: 31/31 MP: 2/2
  1346 | D:2      | Noticed Sigmund
  1353 | D:2      | Killed Sigmund
  1354 | D:2      | Reached skill level 6 in Staves
  1354 | D:2      | Reached XP level 4. HP: 41/41 MP: 3/3
  1354 | D:2      | Reached XP level 5. HP: 47/47 MP: 4/4
  1416 | D:2      | Found Kirap's Book Emporium.
  1550 | D:2      | Noticed Jessica
  1559 | D:2      | Killed Jessica
  1715 | D:2      | Noticed Robin
  1744 | D:2      | Killed Robin
  1875 | D:2      | Found Ipru's Jewellery Boutique.
  1930 | D:2      | Found Regut's Armour Boutique.
  2061 | D:2      | Found Otta's Book Shoppe.
  2119 | D:2      | Found Biehan's Weapon Shop.
  2304 | D:3      | Reached XP level 6. HP: 46/53 MP: 5/5
  2580 | D:3      | Found a runed translucent door.
  2581 | D:3      | Noticed Crazy Yiuf
  2588 | D:3      | Killed Crazy Yiuf
  2589 | D:3      | Reached skill level 7 in Staves
  2676 | D:3      | Was placed under penance by the Shining One
  2688 | D:3      | Found a glowing drain.
  2759 | D:3      | Reached skill level 5 in Fighting
  3387 | D:4      | Fell from the grace of the Shining One
  3459 | D:4      | Reached skill level 8 in Staves
  3548 | D:4      | Reached XP level 7. HP: 61/61 MP: 6/6
  3592 | D:4      | Found a snail-covered altar of Cheibriados.
  3604 | D:4      | Became a worshipper of Cheibriados the Contemplative
  3664 | D:4      | Fell from the grace of Cheibriados
  4098 | D:4      | Lost intelligence.
  4322 | D:5      | Entered Level 5 of the Dungeon
  4366 | D:5      | Reached skill level 9 in Staves
  4385 | D:5      | Found a sparkling altar of Nemelex Xobeh.
  4425 | D:5      | Found Cstroshes's Commerce Corner.
  4458 | D:5      | Became a worshipper of Nemelex Xobeh the Trickster
  5052 | D:6      | Lost dexterity.
  5054 | D:6      | Shot with an arrow by a centaur

Illustrated notes

Levels and vault maps discovered:
D:1:      matt_arrival_los_fun, layout_basic, ebering_ecumenical_altar_box,
          minmay_pentomino_q2
D:2:      layout_basic, serial_shops, nicolae_shop_hallway_plus, shop,
          nicolae_diamond_shop, nicolae_shop_trees, nicolae_shop_waterfront,
          chequers_serial_rivers_micro_d, uniq_sigmund, uniq_robin, uniq_jessica
D:3:      layout_loops_ring, serial_glass, glass_columns_a, glass_columns_a,
          glass_columns_b, glass_columns_a, glass_columns_a, glass_columns_a,
          item_on_display_a, due_unseen_surprise, gup_sewer_entry_bubbles,
          cheibrodos_gnoll_hut, uniq_crazy_yiuf_cottage
D:4:      layout_loops_cross, mainiacjoe_overflow_six_doors_small, st_stairs_14
D:5:      layout_loops_cross, nemelex_spade_bored_becter, nicolae_alphabet_shops
D:6:      layout_cave_pools, minmay_temple_entry_arrows, roderic_malta_cross,
          kennysheep_cross_bottleneck, centaur_isle, uniq_grinder

Skill      XL: |  1  2  3  4  5  6  7 |
---------------+----------------------+-----
Staves         | 4 6 8 9 |  9.5
Fighting       | 3 4 5 6 |  6.6
Throwing       | |  2.2
Dodging        | |  3.4

Action                   |  1- 3 |  4- 6 |  7- 9 || total
-------------------------+-------+-------+-------++-------
Melee: Quarterstaff      |    50 |   128 |    74 ||   252
       Headbutt          |     6 |    27 |     8 ||    41
  Use: Scroll            |     1 |       |       ||     1
       Potion            |       |       |     4 ||     4
Armor: Leather armour    |    21 |       |       ||    21
       Ring mail         |       |    58 |    40 ||    98
Dodge: Dodged            |    37 |    50 |    63 ||   150
Block: Other             |       |     8 |    27 ||    35
       Reflection        |       |       |     7 ||     7

Table legend: (Time is in decaauts)
 A = Elapsed time spent in this place.
 B = Non-inter-level travel time spent in this place.
 C = Inter-level travel time spent in this place.
 D = Time resting spent in this place.
 E = Time spent auto-exploring this place.
 F = Levels seen in this place.
 G = Mean time per level.
                   A        B        C        D        E       F      G
               +--------+--------+--------+--------+--------+-----+--------+
         Total |   5921 |   5584 |    337 |      0 |   4663 |   6 |  986.8 |
       Dungeon |   5921 |   5584 |    337 |      0 |   4663 |   6 |  986.8 |
               +--------+--------+--------+--------+--------+-----+--------+

Top non-repeatable levels by time:
     D:5: 1303 daAuts
     D:1: 1268 daAuts
     D:4: 1172 daAuts
     D:3: 1115 daAuts
     D:2: 1022 daAuts
     D:6: 39 daAuts
